 Dungeon Crawl Stone Soup version 0.31-a0-18-gea43df2a32 (webtiles) character file.

Game seed: 15659555872154320901

375 Pooter the Chucker (level 6, 0/47 HPs)
             Began as a Gnoll Wanderer on May 11, 2023.
             Constricted to death by Ijyb (3 damage)
             ... on level 3 of the Dungeon.
             The game lasted 00:17:26 (2146 turns).

Pooter the Chucker (Gnoll Wanderer)                 Turns: 2146, Time: 00:17:27

Health: 0/47       AC: 10    Str: 16    XL:     6   Next: 73%
Magic:  7/9        EV:  7    Int:  9    God:
Gold:   87         SH:  0    Dex: 11    Spells: 9/9 levels left

rFire   . . .        a - +0 spear
rCold   . . .        (no shield)
rNeg    . . .        o - +2 scale mail
rPois   .            (no helmet)
rElec   .            (no cloak)
rCorr   .            r - +0 pair of gloves
SInv    .            (no boots)
Will    .....        (no amulet)
Stlth   +            (no ring)
HPRegen 0.27/turn    (no ring)
MPRegen 0.11/turn

%: no passive effects
@: grasped by roots, constricted
A: fangs 1, strong nose, distributed training
a: no special abilities


You were on level 3 of the Dungeon.
You visited 1 branch of the dungeon, and saw 3 of its levels.

You collected 87 gold pieces.

Inventory:

Hand Weapons
 a - a +0 spear (weapon)
 b - a +0 sling
   (You took it off a goblin on level 2 of the Dungeon)
 d - a +0 dagger
Missiles
 c - 8 poisoned darts (quivered)
 Q - 15 stones
Armour
 l - a +0 chain mail
   (You found it on level 1 of the Dungeon)
 o - a +2 scale mail (worn)
 r - a +0 pair of gloves (worn)
   (You found it on level 3 of the Dungeon)
Wands
 i - a wand of roots (2)
   (You found it on level 2 of the Dungeon)
Scrolls
 e - a scroll of fog
 k - a scroll of torment {unknown}
 n - a scroll of noise {!r}
 t - 2 scrolls of teleportation {@r4}
Potions
 f - a potion of lignification {unknown}
 h - a potion of brilliance {unknown}
 j - a potion of ambrosia {unknown}
 m - a potion of might {unknown}
 p - a potion of flight {unknown}
 q - 2 potions of haste {unknown}


   Skills:
 + Level 3.4 Fighting
 + Level 2.1 Short Blades
 + Level 2.1 Long Blades
 + Level 2.1 Axes
 + Level 2.1 Maces & Flails
 + Level 6.9 Polearms
 + Level 2.1 Staves
 + Level 2.1 Ranged Weapons
 + Level 6.9 Throwing
 + Level 5.1 Armour
 + Level 2.1 Dodging
 + Level 3.2 Stealth
 + Level 2.1 Shields
 + Level 2.1 Unarmed Combat
 + Level 2.1 Spellcasting
 + Level 1.7 Conjurations
 + Level 1.7 Hexes
 + Level 1.7 Summonings
 + Level 1.7 Necromancy
 + Level 1.7 Translocations
 + Level 1.7 Transmutations
 + Level 1.7 Fire Magic
 + Level 1.7 Ice Magic
 + Level 1.7 Air Magic
 + Level 1.7 Earth Magic
 + Level 1.7 Poison Magic
 + Level 2.4 Invocations
 + Level 2.1 Evocations


You had 9 spell levels left.
You didn't know any spells.
Your spell library was empty.

Dungeon Overview and Level Annotations

Branches:
Dungeon (3/15)

Altars:

Annotations:
D:3 Ijyb


Innate Abilities, Weirdness & Mutations

You have very sharp teeth.
Your uncanny sense of smell can sniff out nearby items.
Your experience applies equally to all skills.


Message History

You hit Grinder but do no damage. You bite Grinder, but do no damage.
The grasping roots constrict Grinder.
The roots release their grip on Grinder.
Grinder gestures at you.
You suddenly lose the ability to move!
Grinder blinks!
Grinder gestures at you. Pain shoots through your body!
* * * LOW HITPOINT WARNING * * *
You can move again.
You open the door.
Okay, then.
You are too injured to fight recklessly!
Throw: 9 darts (poison)
Aim: Grinder (almost dead, 57% to hit)
You throw a poisoned dart. The poisoned dart hits Grinder!
Grinder gestures at you.
You barely resist.
Ijyb the Twisted Goblin comes into view.
She is wielding a +0 club and carrying a wand of roots (3).
This is a scroll of acquirement!
Something appears at your feet!
Ijyb shouts!
Grinder gestures at you.
You shrug off the repeated paralysis!
You hit Grinder.
You kill Grinder!
Your Short Blades skill increases to level 2!
Your Long Blades skill increases to level 2!
Your Axes skill increases to level 2!
Your Maces & Flails skill increases to level 2!
Your Staves skill increases to level 2!
Your Ranged Weapons skill increases to level 2!
Your Armour skill increases to level 5!
Your Dodging skill increases to level 2!
Your Stealth skill increases to level 3!
Your Shields skill increases to level 2!
Your Unarmed Combat skill increases to level 2!
Your Spellcasting skill increases to level 2!
Your Invocations skill increases to level 2!
Your Evocations skill increases to level 2!
You have reached level 6!
Aim: Ijyb, wielding a +0 club, wearing a +0 ring mail and carrying a wand of roots (3)
The roots erupt in riotous growth!
Roots grab Ijyb.
The grasping roots constrict Ijyb.
Ijyb zaps a wand.
The roots erupt in riotous growth!
The grasping roots grab you! The grasping roots constrict you.
You die...

')...........# #............#
.......#.#+#.# #.#.##
#.#.#####.#.#.#.# ##..... #.#.#
#.#.#.#.######## ...#.# #.#.#
#.#.#.#......... .....
#.#.#####g#(............ ...#
#....#..[........#.###.# ...#
#....#.@................
...#######....#...........#.###.#
.............)#(.....#'##.#.#(#.#
###########.........<#....#.###.#
..................#..#........
#.########...#......#....#.###.#
#.# #..........####........ #.#
##...#......##...†...... #.#
#....+......##.##..#####


You could see Ijyb (rooted).

Vanquished Creatures
  Grinder (D:3)
  A scorpion (D:2)
  Natasha (twice) (D:2)
  An adder (D:2)
  A dart slug (D:1)
  3 ball pythons
  3 bats
  4 endoplasms
  4 giant cockroaches
  12 goblins
  5 hobgoblins
  6 jackals (D:1)
  10 kobolds
  2 frilled lizards
  3 rats
58 creatures vanquished.

Notes
Turn   | Place    | Note
-------+----------+-------------------------------------------
     0 | D:1      | Pooter the Gnoll Wanderer began the quest for the Orb.
     0 | D:1      | Pooter set off with the following items: a +0 spear, a +2
                  | scale mail, 13 poisoned darts, a +0 dagger, a scroll of
                  | fog.
     0 | D:1      | Reached XP level 1. HP: 17/17 MP: 1/1
   198 | D:1      | Reached XP level 2. HP: 23/23 MP: 2/2
   716 | D:1      | Reached XP level 3. HP: 28/28 MP: 3/3
   883 | D:1      | Reached skill level 1 in Invocations
  1350 | D:2      | Reached skill level 1 in Short Blades
  1350 | D:2      | Reached skill level 1 in Long Blades
  1350 | D:2      | Reached skill level 1 in Axes
  1350 | D:2      | Reached skill level 1 in Maces & Flails
  1350 | D:2      | Reached skill level 1 in Staves
  1350 | D:2      | Reached skill level 1 in Ranged Weapons
  1350 | D:2      | Reached skill level 1 in Dodging
  1350 | D:2      | Reached skill level 1 in Shields
  1350 | D:2      | Reached skill level 1 in Unarmed Combat
  1350 | D:2      | Reached skill level 1 in Spellcasting
  1350 | D:2      | Reached skill level 1 in Evocations
  1410 | D:2      | Noticed Natasha
  1419 | D:2      | Killed Natasha
  1420 | D:2      | Reached XP level 4. HP: 19/34 MP: 5/5
  1515 | D:2      | Reached skill level 1 in Conjurations
  1515 | D:2      | Reached skill level 1 in Hexes
  1515 | D:2      | Reached skill level 1 in Summonings
  1515 | D:2      | Reached skill level 1 in Necromancy
  1515 | D:2      | Reached skill level 1 in Translocations
  1515 | D:2      | Reached skill level 1 in Transmutations
  1515 | D:2      | Reached skill level 1 in Fire Magic
  1515 | D:2      | Reached skill level 1 in Ice Magic
  1515 | D:2      | Reached skill level 1 in Air Magic
  1515 | D:2      | Reached skill level 1 in Earth Magic
  1515 | D:2      | Reached skill level 1 in Poison Magic
  1533 | D:2      | Noticed Natasha
  1543 | D:2      | Killed Natasha
  1622 | D:2      | Noticed a scorpion
  1630 | D:2      | Killed a scorpion
  1631 | D:2      | Reached XP level 5. HP: 41/41 MP: 7/7
  2116 | D:3      | Noticed Grinder
  2136 | D:3      | Paralysed by Grinder for 4 turns
  2139 | D:3      | HP: 1/41 [Grinder/nerve-wracking pain (14)]
  2142 | D:3      | Noticed Ijyb
  2143 | D:3      | Identified a scroll of acquirement
  2143 | D:3      | Acquired the +3 ring mail "Saisum" {Dex+3}
  2145 | D:3      | Killed Grinder
  2146 | D:3      | Reached skill level 5 in Armour
  2146 | D:3      | Reached XP level 6. HP: 3/47 MP: 7/9
  2146 | D:3      | Constricted to death by Ijyb

Illustrated notes

Levels and vault maps discovered:
D:1:      dpeg_arrival_boxorama, layout_basic, minmay_worlds_worst_comb
D:2:      layout_basic, st_stairs_14, uniq_natasha
D:3:      layout_basic, jmf_multi_god_temple, minmay_misc_feat_tower,
          kennysheep_flooded_box, minmay_surrounded, uniq_ijyb, uniq_robin,
          uniq_sigmund, uniq_grinder

Skill      XL: |  1  2  3  4  5 |
---------------+----------------+-----
Invocations    | 1 2 |  2.4
Short Blades   | 1 2 |  2.1
Long Blades    | 1 2 |  2.1
Axes           | 1 2 |  2.1
Maces & Flails | 1 2 |  2.1
Staves         | 1 2 |  2.1
Ranged Weapons | 1 2 |  2.1
Dodging        | 1 2 |  2.1
Shields        | 1 2 |  2.1
Unarmed Combat | 1 2 |  2.1
Spellcasting   | 1 2 |  2.1
Evocations     | 1 2 |  2.1
Conjurations   | 1 |  1.7
Hexes          | 1 |  1.7
Summonings     | 1 |  1.7
Necromancy     | 1 |  1.7
Translocations | 1 |  1.7
Transmutations | 1 |  1.7
Fire Magic     | 1 |  1.7
Ice Magic      | 1 |  1.7
Air Magic      | 1 |  1.7
Earth Magic    | 1 |  1.7
Poison Magic   | 1 |  1.7
Fighting       | 3 |  3.4
Armour         | 5 |  5.1
Stealth        | 3 |  3.2
Polearms       | |  6.9
Throwing       | |  6.9

Action                     |  1- 3 |  4- 6 || total
---------------------------+-------+-------++-------
  Melee: Spear             |    89 |    51 ||   140
         Bite              |     8 |     5 ||    13
         Punch             |       |     1 ||     1
   Fire: Sling             |     1 |    18 ||    19
  Throw: Dart              |    46 |    13 ||    59
  Evoke: Wand              |       |     7 ||     7
    Use: Scroll            |     3 |     1 ||     4
 Armour: Scale mail        |    29 |    20 ||    49
  Dodge: Dodged            |    20 |    26 ||    46

Table legend: (Time is in decaauts)
 A = Elapsed time spent in this place.
 B = Non-inter-level travel time spent in this place.
 C = Inter-level travel time spent in this place.
 D = Time resting spent in this place.
 E = Time spent auto-exploring this place.
 F = Levels seen in this place.
 G = Mean time per level.
                   A        B        C        D        E       F      G
               +--------+--------+--------+--------+--------+-----+--------+
         Total |   2098 |   2064 |     34 |     63 |   1501 |   3 |  699.3 |
       Dungeon |   2098 |   2064 |     34 |     63 |   1501 |   3 |  699.3 |
               +--------+--------+--------+--------+--------+-----+--------+

Top non-repeatable levels by time:
     D:1: 1229 daAuts
     D:2: 617 daAuts
     D:3: 250 daAuts
